 Dungeon Crawl Stone Soup version 0.17.1-3-g152610e (webtiles) character file.

28561 NTAmi the Nimble (level 13, 0/65 HPs)
             Began as a Spriggan Warper on Apr 14, 2016.
             Was a High Priest of Sif Muna.
             Slain by a five-headed hydra (9 damage)
             ... on level 13 of the Dungeon on Apr 23, 2016.
             The game lasted 06:34:52 (29146 turns).

NTAmi the Nimble (Spriggan Warper)                 Turns: 29146, Time: 06:34:52

Health: 0/65       AC: 12    Str:  8    XL:     13   Next: 10%
Magic:  2/28       EV: 27    Int: 17    God:    Sif Muna [*****.]
Gold:   249        SH:  0    Dex: 17    Spells: 9 memorised, 11 levels left

rFire  . . .     SeeInvis +     W - +2 shortbow (flame)
rCold  . . .     Clarity  .     v - +2 robe {MR+}
rNeg   . . .     SustAt   .     (shield currently unavailable)
rPois  .         Gourm    .     (helmet restricted)
rElec  .         Spirit   .     (no cloak)
rCorr  .         Warding  .     (gloves unavailable)
rMut   .         Stasis   .     (boots unavailable)
MR     +++..                    K - amulet of rage
Stlth  ++++......               e - +2 ring of protection
                                Y - +6 ring of protection

@: manticore barbs, very quick, extremely resistant to hostile enchantments,
stealthy
A: unfitting armour, see invisible, herbivore 3, speed 3, slow metabolism 2
a: Channel Energy, Forget Spell, Renounce Religion, Evoke Berserk Rage


You were on level 13 of the Dungeon.
You worshipped Sif Muna.
Sif Muna was extremely pleased with you.
You were not hungry.

You visited 2 branches of the dungeon, and saw 14 of its levels.
You also visited: Ice Cave.

You collected 1365 gold pieces.
You spent 1116 gold pieces at shops.

Inventory:

Hand Weapons
 j - a +0 shortbow
 l - a +0 shortbow
 m - a +0 shortbow
 n - a +0 shortbow
 p - a +2 falchion of electrocution
 t - a +0 shortbow
 w - a +0 shortbow
 x - a +1 dagger of draining
 y - a +1 hunting sling of flaming
 A - a +1 dagger of protection
 D - the +1 dagger of Rotation {flame, *Rage +Blink Dex+3}
   (You found it on level 11 of the Dungeon)

   It has been specially enchanted to burn those struck by it, causing extra
   injury to most foes and up to half again as much damage against particularly
   susceptible opponents.
   It affects your dexterity (+3).
   It lets you blink.
   It may make you go berserk in combat.
 F - a +0 shortbow
 G - a +0 shortbow
 W - a +2 shortbow of flaming (weapon)
Missiles
 b - 14 poisoned arrows
 k - 13 arrows of flame
 s - 222 stones
 X - 317 arrows (quivered)
Armour
 v - a +2 robe of magic resistance (worn)
 z - a +0 buckler
 Z - a +1 robe of fire resistance
Jewellery
 e - a +2 ring of protection (right hand)
 K - an amulet of rage (around neck)
 Y - a +6 ring of protection (left hand)
Wands
 a - a wand of fireball (7)
 c - a wand of frost (11)
 L - a wand of invisibility (2)
 Q - a wand of flame (5)
Scrolls
 g - 3 scrolls of magic mapping
 i - a scroll of remove curse
 u - 3 scrolls of fog
 S - 6 scrolls of teleportation
Potions
 o - a potion of might
 q - 2 potions of haste
 r - 4 potions of curing
 B - 2 potions of invisibility
 I - 2 potions of agility
 M - 2 potions of magic
 V - a potion of cure mutation
Books
 d - a book of Unlife

   Spells                             Type                      Level
   a - Recall                         Summoning/Translocation      3
   b - Animate Dead                   Necromancy                   4
   c - Control Undead                 Necromancy                   4
   d - Cigotuvi's Embrace             Necromancy                   5
   e - Death Channel                  Necromancy                   6
   f - Simulacrum                     Ice/Necromancy               6
 E - a book of Beasts

   Spells                             Type                      Level
   a - Summon Butterflies             Summoning                    1
   b - Call Canine Familiar           Summoning                    3
   c - Summon Ice Beast               Ice/Summoning                4
   d - Summon Mana Viper              Hexes/Summoning              5
   e - Summon Hydra                   Summoning                    7
Miscellaneous
 h - a stone of tremors
 C - an ornate deck of defence {drawn: 5}
Comestibles
 f - 6 bread rations


   Skills:
 + Level 6.1 Fighting
 + Level 6.2(6.3) Short Blades
 * Level 1.2(3.2) Long Blades
 - Level 9.3(9.4) Slings
 + Level 6.1 Bows
 - Level 2.0(5.2) Throwing
 * Level 2.0 Armour
 - Level 11.0 Dodging
 + Level 6.6 Stealth
 * Level 2.1 Shields
 + Level 10.2 Spellcasting
 + Level 5.0 Conjurations
 + Level 5.9 Charms
 + Level 5.0 Necromancy
 + Level 10.0 Translocations
 * Level 4.8 Invocations
 + Level 5.1 Evocations


You had 11 spell levels left.
You knew the following spells:

 Your Spells              Type           Power        Failure   Level  Hunger
a - Apportation           Tloc           #####.....   1%          1    None
b - Blink                 Tloc           N/A          1%          2    None
c - Shroud of Golubria    Chrm/Tloc      #####.....   1%          2    None
d - Portal Projectile     Tloc           #####.       1%          3    None
e - Teleport Other        Tloc           #####...     1%          3    None
f - Animate Skeleton      Necr           N/A          1%          1    None
g - Magic Dart            Conj           ####         1%          1    None
h - Passage of Golubria   Tloc           N/A          1%          4    ###....
i - Animate Dead          Necr           N/A          12%         4    ###....


Dungeon Overview and Level Annotations

Branches:
Dungeon (13/15)            Temple (1/1) D:5            Lair (0/8) D:11
    Orc (0/4) D:12
 Vaults: D:13-14

Altars:
Ashenzari
Cheibriados
Dithmenos
Elyvilon
Fedhas
Gozag
Kikubaaqudgha
Makhleb
Nemelex Xobeh
Okawaru
Qazlal
Ru
Sif Muna
Trog
Vehumet
Xom
Yredelemnul
Zin
The Shining One

Shops:
D:5 *%   D:6 *   D:9 !


Innate Abilities, Weirdness & Mutations

You are tiny and cannot use many weapons and most armour.
You have supernaturally acute eyesight.
You are a herbivore.
You cover ground extremely quickly.
You need consume almost no food.


Message History

Really fire in your centaur zombie's direction?
Okay, then.
Unknown command.
Your centaur zombie barely misses the five-headed hydra.
The five-headed hydra completely misses you.
The five-headed hydra closely misses you.
The five-headed hydra completely misses you.
The five-headed hydra bites you but does no damage.
The five-headed hydra misses you.
Your centaur zombie barely misses the five-headed hydra.
The five-headed hydra misses you.
The five-headed hydra completely misses you.
The five-headed hydra barely misses you.
The five-headed hydra bites you!
The five-headed hydra completely misses you.
Your centaur zombie hits the five-headed hydra!
The five-headed hydra bites you!
* * * LOW HITPOINT WARNING * * *
The five-headed hydra misses you. The five-headed hydra bites you!
You die...

**** ##'########## #.##* #...##
###..# ### *#.# ..# ###(########
..# #..((....%.############ ..#
#.(........##.......... ..#
#..(ZD@.)..#........... >.#
#####.(.....[....).........
..#####..).(.........##..........
........###..........##>.........
..###..## #..........##..........
###....# #####.#######..........
###.#..## ****#.# ##.########
#.......# *,,,..# #..,*
#.#...#)###+####### ###.*


You could see a five-headed hydra and a friendly centaur zombie.

Vanquished Creatures
  2 hydras
  A centaur warrior (D:13)
  An ice devil (IceCv)
  5 unseen horrors
  A hill giant (D:10)
  A necromancer (IceCv)
  Pikel (D:6)
  An orc knight (D:10)
  2 ugly things
  2 manticores
  2 cyclopes
  An elephant (D:11)
  A gargoyle (D:10)
  Psyche (D:9)
  4 blue devils (IceCv)
  A tengu conjurer (D:10)
  6 trolls
  Grinder (D:4)
  A two-headed ogre (D:4)
  2 wyverns
  12 yaks
  7 slime creatures
  3 hippogriffs
  A steam dragon (D:10)
  2 vampire mosquitoes
  A soldier ant (D:11)
  A water moccasin (D:6)
  5 sky beasts
  3 ice beasts
  A black bear (D:13)
  An eye of draining (D:10)
  14 orc warriors
  2 phantoms
  8 ogres
  11 centaurs
  2 necrophages (D:10)
  2 wasps (D:10)
  2 crocodiles (D:11)
  4 big kobolds
  9 giant frogs
  2 wyvern zombies
  A water moccasin skeleton (D:11)
  9 scorpions
  16 wights
  13 killer bees
  9 crimson imps
  2 centaur zombies
  10 hounds
  2 centaur skeletons
  3 giant frog zombies
  19 orc wizards
  A quasit (D:10)
  7 jellies
  4 orc priests
  5 giant frog skeletons
  5 iguanas
  4 draconian simulacra (IceCv)
  Natasha (thrice) (D:4 D:6)
  2 troll simulacra (IceCv)
  10 worker ants
  4 sheep (D:11)
  4 hound skeletons
  A hound zombie (D:5)
  Robin (D:2)
  4 naga simulacra (IceCv)
  2 worker ant zombies (D:10)
  10 adders
  4 gnolls
  2 shadow imps
  5 oozes (D:11)
  An adder skeleton (D:6)
  An adder zombie (D:6)
  A worm (D:6)
  77 orcs
  8 bats
  A giant cockroach (D:2)
  16 hobgoblins
  9 jackals
  15 kobolds
  8 quokkas
  2 ball pythons (D:4)
  6 giant geckos
  2 giant gecko skeletons (D:4)
  3 giant newts (D:4)
  15 goblins
  A jackal skeleton (D:6)
  A quokka skeleton (D:5)
  11 rats
470 creatures vanquished.

Vanquished Creatures (collateral kills)
  2 hill giants
  An ugly thing (D:12)
  A manticore (D:11)
  A troll (D:11)
  A slime creature (D:10)
  A deep elf mage (D:10)
  A hungry ghost (D:12)
  An ice beast (D:7)
  An eye of draining (D:10)
  An ogre (D:10)
  A crocodile (D:9)
  A big kobold (D:12)
  A wight (D:10)
  2 crimson imps
  An iguana (D:12)
  A jelly (D:7)
  2 orc wizards (D:11)
  An adder (D:12)
  A shadow imp (D:13)
  6 orcs
  A quokka (D:6)
  A kobold (D:12)
  A plant (D:11)
31 creatures vanquished.

Vanquished Creatures (others)
  2 slaves (D:6)
  An orc wizard (D:5)
  2 worker ants (D:6)
  2 orcs (D:6)
7 creatures vanquished.

Grand Total: 508 creatures vanquished

Notes
Turn   | Place    | Note
--------------------------------------------------------------
     0 | D:1      | NTAmi the Spriggan Warper began the quest for the Orb.
     0 | D:1      | Reached XP level 1. HP: 10/10 MP: 5/5
   876 | D:1      | Reached XP level 2. HP: 8/14 MP: 6/6
  1369 | D:2      | Learned a level 2 spell: Blink
  1372 | D:2      | Learned a level 2 spell: Shroud of Golubria
  1551 | D:2      | Reached skill level 1 in Stealth
  1580 | D:2      | Noticed Robin
  1649 | D:2      | Killed Robin
  1649 | D:2      | Reached XP level 3. HP: 11/18 MP: 2/8
  2023 | D:2      | You fall through a shaft for 2 floors!
  2066 | D:4      | Noticed Grinder
  2071 | D:3      | Noticed a giant frog
  2490 | D:2      | Learned a level 3 spell: Portal Projectile
  3055 | D:2      | Reached XP level 4. HP: 19/23 MP: 7/10
  4032 | D:3      | Killed a giant frog
  4032 | D:3      | Reached skill level 1 in Slings
  4032 | D:3      | Reached skill level 5 in Translocations
  4032 | D:3      | Reached XP level 5. HP: 12/26 MP: 7/12
  4037 | D:3      | Learned a level 3 spell: Teleport Other
  4287 | D:3      | Gained mutation: Potions and wands are less effective at restoring your health. [potion of mutation]
  4287 | D:3      | Gained mutation: Your body sometimes deteriorates upon taking damage. [potion of mutation]
  4287 | D:3      | Lost mutation: Your body sometimes deteriorates upon taking damage. [potion of mutation]
  4290 | D:3      | Reached skill level 1 in Charms
  5130 | D:4      | Noticed Natasha
  5138 | D:4      | Killed Natasha
  5299 | D:4      | Noticed Natasha
  5353 | D:4      | Noticed a two-headed ogre
  5552 | D:4      | Killed a two-headed ogre
  5552 | D:4      | Reached XP level 6. HP: 20/32 MP: 6/14
  5657 | D:4      | Reached skill level 5 in Spellcasting
  5853 | D:4      | Reached XP level 7. HP: 31/35 MP: 9/15
  6092 | D:4      | Found a burning altar of Makhleb.
  6427 | D:4      | Paralysed by Grinder for 7 turns
  6717 | D:4      | Reached skill level 5 in Dodging
  7090 | D:5      | Entered Level 5 of the Dungeon
  7216 | D:5      | Found a staircase to the Ecumenical Temple.
  7541 | Temple   | Entered the Ecumenical Temple
  7806 | D:5      | Found a deep blue altar of Sif Muna.
  7808 | D:5      | Found a radiant altar of Vehumet.
  7808 | D:5      | Found an ancient bone altar of Kikubaaqudgha.
  7813 | D:5      | Identified Vehumet's Almanac of Battle Magic
  7823 | D:5      | Identified Sif Muna's Disquisition on Dislocation
  7832 | D:5      | Identified Kikubaaqudgha's Almanac of Unholy Rites
  7835 | D:5      | Learned a level 1 spell: Animate Skeleton
  7847 | D:5      | Became a worshipper of Sif Muna the Loreminder
  7925 | D:5      | Found Faagy's General Store.
  7940 | D:5      | Bought 26 sling bullets for 195 gold pieces
  7940 | D:5      | Bought a +0 robe of magic resistance for 115 gold pieces
  8100 | D:4      | Reached skill level 6 in Translocations
  8210 | D:5      | Found a shadowy altar of Dithmenos.
  8831 | D:5      | Reached XP level 8. HP: 40/40 MP: 11/17
  8907 | D:5      | Found Derphil's Food Emporium.
  8910 | D:5      | Bought a royal jelly for 26 gold pieces
  9489 | D:4      | Reached skill level 1 in Necromancy
  9522 | D:4      | Killed Grinder
  9522 | D:4      | Reached skill level 5 in Slings
  9522 | D:4      | Reached skill level 5 in Stealth
  9660 | D:6      | Found Xeammaz's Assorted Antiques.
  9689 | D:6      | Found a shattered altar of Ashenzari.
  9823 | D:6      | Killed Natasha
  9965 | D:6      | Noticed Natasha
  9972 | D:6      | Killed Natasha
 10088 | D:6      | Your ally Natasha died
 10109 | D:6      | Noticed Pikel
 10204 | D:6      | Your ally Natasha died
 10238 | D:6      | Killed Pikel
 10238 | D:6      | Reached * piety under Sif Muna
 10238 | D:6      | Reached skill level 1 in Invocations
 10503 | D:6      | Reached skill level 7 in Translocations
 10503 | D:6      | Reached XP level 9. HP: 31/45 MP: 14/19
 10639 | D:6      | Bought a scroll of identify for 54 gold pieces
 12585 | D:7      | Found a sparkling altar of Nemelex Xobeh.
 12585 | D:7      | Found a burning altar of Makhleb.
 13205 | D:8      | Reached skill level 1 in Evocations
 13553 | D:9      | Found Buprumun's Distillery.
 13588 | D:9      | Bought a potion of heal wounds for 50 gold pieces
 13588 | D:9      | Bought a potion of flight for 30 gold pieces
 13588 | D:9      | Bought a potion of magic for 80 gold pieces
 13700 | D:9      | Noticed Psyche
 13712 | D:9      | Killed Psyche
 13811 | D:9      | Reached XP level 10. HP: 51/51 MP: 4/21
 13947 | D:9      | Your ally Psyche died
 14390 | D:9      | Found a snail-covered altar of Cheibriados.
 14729 | Temple   | Learned a level 1 spell: Magic Dart
 14878 | D:9      | Bought a potion of cure mutation for 350 gold pieces
 14880 | D:9      | Lost mutation: Potions and wands are less effective at restoring your health. [potion of cure mutation]
 14956 | D:9      | Reached skill level 5 in Fighting
 15072 | D:9      | Reached ** piety under Sif Muna
 15255 | D:9      | You fall through a shaft!
 15255 | D:10     | Entered Level 10 of the Dungeon
 15446 | D:9      | Reached skill level 1 in Bows
 15637 | D:10     | Reached skill level 8 in Translocations
 15848 | D:10     | Reached skill level 1 in Conjurations
 16103 | D:10     | Noticed an unseen horror
 16281 | D:10     | Killed an unseen horror
 16281 | D:10     | Reached skill level 5 in Charms
 16330 | D:10     | Noticed a hill giant
 16339 | D:10     | Killed a hill giant
 16409 | D:10     | Noticed an unseen horror
 16432 | D:10     | Noticed an unseen horror
 16464 | D:10     | Killed an unseen horror
 16464 | D:10     | Reached XP level 11. HP: 47/55 MP: 10/23
 16486 | D:10     | Noticed an unseen horror
 16522 | D:10     | Killed an unseen horror
 16522 | D:10     | Reached *** piety under Sif Muna
 16549 | D:10     | Noticed an orc knight
 16630 | D:10     | Killed an unseen horror
 16630 | D:10     | Reached skill level 9 in Dodging
 17136 | D:10     | Noticed a hill giant
 17181 | D:10     | Killed a hill giant
 17181 | D:10     | Reached skill level 5 in Bows
 18018 | D:10     | Killed an orc knight
 19695 | Temple   | Learned a level 4 spell: Passage of Golubria
 20576 | D:11     | Reached skill level 10 in Dodging
 20638 | D:11     | Reached skill level 5 in Short Blades
 20767 | D:11     | Found a staircase to the Lair.
 21314 | D:11     | Got a warped dagger
 21347 | D:11     | Identified the cursed +1 dagger of Rotation {flame, *Rage +Blink Dex+3} (You found it on level 11 of the Dungeon)
 21390 | D:11     | Reached **** piety under Sif Muna
 21390 | D:11     | Reached XP level 12. HP: 60/60 MP: 25/25
 21862 | D:11     | Noticed an eight-headed hydra
 21952 | D:11     | Killed an eight-headed hydra
 23740 | D:12     | Found a staircase to the Orcish Mines.
 23862 | D:12     | Reached skill level 11 in Dodging
 23862 | D:12     | Reached skill level 1 in Shields
 23924 | D:12     | Reached ***** piety under Sif Muna
 24261 | D:13     | Found a frozen archway.
 24270 | IceCv    | Entered an ice cave
 24774 | IceCv    | Reached skill level 5 in Necromancy
 25378 | IceCv    | Reached skill level 1 in Armour
 25528 | IceCv    | Got a dazzling hand axe {drain}
 25830 | IceCv    | Identified the cursed +1 hand axe "Sonamong" {drain, Str+4 Dex+2} (You took it off a necromancer in an ice cave)
 26852 | D:13     | Noticed a seven-headed hydra
 26959 | D:13     | Killed a seven-headed hydra
 26959 | D:13     | Reached skill level 10 in Spellcasting
 26959 | D:13     | Reached skill level 5 in Evocations
 27167 | D:13     | Noticed a centaur warrior
 27737 | D:6      | Bought a silver wand for 108 gold pieces
 27737 | D:6      | Bought a blackened ivory wand for 108 gold pieces
 27994 | D:12     | Reached skill level 1 in Long Blades
 28161 | D:13     | Learned a level 4 spell: Animate Dead
 28209 | D:13     | Killed a centaur warrior
 28209 | D:13     | Reached skill level 5 in Conjurations
 28407 | D:13     | Reached XP level 13. HP: 65/65 MP: 20/28
 28991 | D:13     | Reached skill level 10 in Translocations
 29111 | D:13     | Noticed a five-headed hydra
 29146 | D:13     | Slain by a five-headed hydra

Action                   |  1- 3 |  4- 6 |  7- 9 | 10-12 | 13-15 || total
-------------------------+-------+-------+-------+-------+-------++-------
Melee: Short sword       |   132 |       |       |       |       ||   132
       Dagger            |     4 |    52 |   485 |  1378 |    10 ||  1929
       Mace              |       |       |    17 |    31 |       ||    48
 Fire: Hunting sling     |    33 |   127 |   308 |   569 |       ||  1037
       Shortbow          |       |       |       |   359 |   109 ||   468
Throw: Stone             |    42 |     6 |    97 |    24 |       ||   169
       Tomahawk          |     3 |       |    27 |   154 |       ||   184
 Cast: Apportation       |     7 |       |     2 |    10 |       ||    19
       Shroud of Golubri |    10 |     8 |    42 |   118 |     3 ||   181
       Blink             |     1 |       |     1 |     4 |     5 ||    11
       Portal Projectile |     3 |    10 |    26 |    65 |    11 ||   115
       Teleport Other    |       |     1 |    14 |    14 |       ||    29
       Animate Skeleton  |       |       |    32 |    71 |       ||   103
       Magic Dart        |       |       |       |    35 |       ||    35
       Passage of Golubr |       |       |       |     5 |       ||     5
       Animate Dead      |       |       |       |     2 |     4 ||     6
Invok: Channel Energy    |       |       |       |     3 |     3 ||     6
 Abil: Evoke Berserk Rag |       |       |       |     5 |       ||     5
Evoke: Wand              |       |       |     1 |    32 |       ||    33
       Deck              |       |       |       |     5 |       ||     5
  Use: Scroll            |     2 |    11 |    11 |    15 |       ||    39
       Potion            |     2 |     3 |     3 |    11 |       ||    19
 Stab: Sleeping          |     2 |     2 |    10 |    18 |       ||    32
       Distracted        |       |       |     2 |     7 |     1 ||    10
       Invisible         |       |       |     1 |    10 |       ||    11
  Eat: Bread ration      |       |     1 |     1 |     2 |       ||     4
       Royal jelly       |       |       |     1 |    11 |     1 ||    13
       Pizza             |       |       |       |     2 |       ||     2
